 Dungeon Crawl Stone Soup version 0.29-a0-422-gafbd6decc1 (webtiles) character file.

Game seed: 9095695823967767746

1516 happo123 the Grappler (level 8, -8/78 HPs)
             Began as a Troll Berserker on May 18, 2022.
             Was an Elder of Trog.
             Mangled by Blork the orc
             ... wielding a +0 glaive
              (17 damage)
             ... on level 5 of the Dungeon.
             The game lasted 00:10:24 (2629 turns).

happo123 the Grappler (Troll Berserker)             Turns: 2629, Time: 00:10:25

Health: -8/78      AC:  5    Str: 28    XL:     8   Next: 53%
Magic:  7/7        EV:  7    Int:  3    God:    Trog [****..]
Gold:   205        SH:  9    Dex:  9    Spells: 7/7 levels left

rFire   . . .      SeeInvis .     - Unarmed
rCold   . . .      Faith    .   C - +0 tower shield
rNeg    . . .      Spirit   .   a - +0 animal skin
rPois   .          Reflect  .   n - +0 hat
rElec   .          Harm     .   w - +0 cloak
rCorr   .          Rampage  .   (gloves unavailable)
Will    ++...                   (boots unavailable)
Stlth   +.........              (no amulet)
HPRegen 2.03/turn               (no ring)
MPRegen 0.10/turn               (no ring)

@: lethally poisoned (-8 -> -8), strong-willed, on berserk cooldown,
regenerating
A: large, unfitting armour, claws 3, regeneration 1, shaggy fur 1, tough skin 1
a: Renounce Religion, Berserk, Trog's Hand, Brothers in Arms


You were on level 5 of the Dungeon.
You worshipped Trog.
Trog was greatly pleased with you.
You visited 1 branch of the dungeon, and saw 5 of its levels.

You collected 205 gold pieces.

Inventory:

Hand Weapons
 B - a +1 hand axe of flaming
Missiles
 p - 3 throwing nets (quivered)
Armour
 a - a +0 animal skin (worn)
 n - a +0 hat (worn)
 w - a +0 cloak (worn)
 C - a +0 tower shield (worn)
Jewellery
 c - an amulet of faith
 A - an amulet of magic regeneration
Wands
 l - a wand of flame (26)
 z - a wand of iceblast (12)
Scrolls
 b - a scroll of blinking {unknown}
 d - 3 scrolls of brand weapon {unknown}
 g - a scroll of amnesia {unknown}
 h - a scroll of magic mapping {unknown}
 i - 2 scrolls of teleportation {unknown}
 k - 2 scrolls of enchant weapon {unknown}
 m - a scroll of identify {unknown}
 r - 2 scrolls of acquirement {unknown}
 v - 2 scrolls of fear {unknown}
 x - a scroll of enchant armour {unknown}
 y - a scroll of immolation {unknown}
Potions
 e - a potion of mutation {unknown}
 f - 2 potions of heal wounds {unknown}
 j - a potion of brilliance {unknown}
 o - 3 potions of curing {unknown}
 q - 2 potions of haste {unknown}
 s - 2 potions of attraction {unknown}
 t - a potion of berserk rage {unknown}
 u - a potion of flight {unknown}


   Skills:
 + Level 4.1 Fighting
 + Level 4.9 Dodging
 + Level 1.0 Stealth
 + Level 0.8 Shields
 + Level 8.6 Unarmed Combat


You had 7 spell levels left.
You didn't know any spells.
Your spell library was empty.

Dungeon Overview and Level Annotations

Branches:
Dungeon (5/15)
 Temple: D:4-7

Altars:
Dithmenos
Yredelemnul

Annotations:
D:5 Blork the orc, Sigmund


Innate Abilities, Weirdness & Mutations

You are too large for most types of armour.
You have claws for hands.
Your natural rate of healing is unusually fast.
You are covered in fur. (AC +1)
You have tough skin. (AC +1)


Message History

Sigmund stings you but does no damage.
Items here: )) [ †.
You closely miss Sigmund. Sigmund stings you but does no damage.
Blork the orc barely misses you. Sigmund stings you.
You are poisoned.
Sigmund poisons you! Blork the orc barely misses you.
You closely miss Sigmund.
You feel very sick. You block Sigmund's attack.
Blork the orc screams, "I'll cover the dungeon with your blood!"
Blork the orc hits you from afar with a +0 glaive!
You block Sigmund's attack. Blork the orc barely misses you.
You scratch Sigmund but do no damage.
You feel sick.
Blork the orc is no longer moving quickly.
Sigmund stings you but does no damage. Sigmund stings you.
You are more poisoned.
Sigmund poisons you!
Blork the orc hits you from afar with a +0 glaive!
Sigmund stings you but does no damage.
You miss Sigmund.
You feel very sick. Sigmund stings you!
Blork the orc casts a spell.
Blork the orc seems to speed up.
Sigmund barely misses you.
Blork the orc hits you from afar with a +0 glaive.
You barely miss Sigmund.
You feel very sick. Sigmund stings you.
* * * LOW HITPOINT WARNING * * *
You block Sigmund's attack.
Blork the orc screams, "I'll crush all your ribs!
One by one!"
Blork the orc hits you from afar with a +0 glaive!
* * * LOW HITPOINT WARNING * * *
Sigmund stings you.
* * * LOW HITPOINT WARNING * * *
Your skin crawls.
You feel strong-willed.
You feel sick.
Blork the orc hits you from afar with a +0 glaive!
You die...

## #.. ..# ... ..## .. .
#... .. .. ..# .# #..
#.# .####.(.###(##
#########......#.......
#.....@yo..# ####....
#..######o#########...).
#..#######.##
#......#.†.
#..$.....o.###.########.
#........#...#.####.....
#.....o.####.#......###.
..................#####
.. #####..#...####.###
... ........#
#..###.####.


You could see Blork the orc (fast), Sigmund the killer bee and an orc.

Vanquished Creatures
  Pikel (D:5)
  Menkaure (D:4)
  A black bear (D:5)
  An ogre (D:4)
  A scorpion (D:5)
  4 hounds
  7 orc priests
  A gnoll shaman (D:4)
  A jelly (D:4)
  Jessica (D:3)
  An iguana (D:4)
  2 orc wizards (D:4)
  8 adders
  An ufetubus (D:3)
  2 worms
  A dart slug (D:2)
  23 orcs
  8 endoplasms
  4 giant cockroaches
  8 goblins
  4 hobgoblins
  4 jackals
  5 quokkas
  18 ball pythons
  8 bats
  6 frilled lizards
  11 kobolds
  8 rats
141 creatures vanquished.

Vanquished Creatures (others)
  4 plants (D:2)
4 creatures vanquished.

Grand Total: 145 creatures vanquished

Notes
Turn   | Place    | Note
-------+----------+-------------------------------------------
     0 | D:1      | happo123 the Troll Berserker began the quest for the Orb.
     0 | D:1      | Reached XP level 1. HP: 22/22 MP: 0/0
    46 | D:1      | Reached XP level 2. HP: 29/29 MP: 1/1
   278 | D:1      | Reached ** piety under Trog
   378 | D:1      | Reached XP level 3. HP: 36/36 MP: 2/2
   617 | D:2      | Found a faded altar of an unknown god.
   765 | D:2      | Identified the +1 scale mail of Biponaps {rElec rF- Str+2
                  | Int+9}
   803 | D:2      | Reached skill level 4 in Unarmed Combat
   803 | D:2      | Reached XP level 4. HP: 44/44 MP: 3/3
  1034 | D:3      | Found a shadowy altar of Dithmenos.
  1080 | D:3      | Noticed Jessica
  1091 | D:3      | Killed Jessica
  1145 | D:3      | Reached *** piety under Trog
  1146 | D:3      | Reached XP level 5. HP: 53/53 MP: 4/4
  1682 | D:4      | Reached skill level 5 in Unarmed Combat
  1792 | D:4      | Reached XP level 6. HP: 47/61 MP: 5/5
  1853 | D:4      | Reached skill level 6 in Unarmed Combat
  1881 | D:4      | Reached **** piety under Trog
  1903 | D:4      | Noticed Menkaure
  1910 | D:4      | Killed Menkaure
  1911 | D:4      | Reached XP level 7. HP: 67/67 MP: 6/6
  2218 | D:4      | Reached skill level 7 in Unarmed Combat
  2267 | D:4      | Found a basalt altar of Yredelemnul.
  2508 | D:5      | Entered Level 5 of the Dungeon
  2589 | D:5      | Noticed Pikel
  2596 | D:5      | Reached XP level 8. HP: 78/78 MP: 7/7
  2598 | D:5      | Killed Pikel
  2599 | D:5      | Reached skill level 1 in Stealth
  2599 | D:5      | Reached skill level 8 in Unarmed Combat
  2604 | D:5      | Noticed Blork the orc
  2606 | D:5      | Noticed Sigmund
  2622 | D:5      | Noticed Sigmund
  2629 | D:5      | Mangled by Blork the orc

Illustrated notes

Levels and vault maps discovered:
D:1:      lightli_arrival_maybe_door_vault, layout_rooms
D:2:      layout_rooms, ebering_ecumenical_altar_rust, minmay_shallow_snake_nest
D:3:      minmay_bubble_buster, layout_basic, mainiacjoe_overflow_alcove_1,
          uniq_jessica
D:4:      layout_loops_cross, mainiacjoe_overflow_24_doors, st_stairs_4,
          uniq_menkaure
D:5:      layout_rooms, demons_altar, chequers_serial_rivers_micro_c,
          uniq_sigmund, uniq_blork_the_orc, uniq_grinder, uniq_pikel

Skill      XL: |  1  2  3  4  5  6  7  8 |
---------------+-------------------------+-----
Dodging        | 3 4 |  4.9
Unarmed Combat | 4 5 6 7 8 |  8.6
Fighting       | 3 4 |  4.1
Stealth        | 1 |  1.0
Shields        | |  0.8

Action                   |  1- 3 |  4- 6 |  7- 9 || total
-------------------------+-------+-------+-------++-------
Melee: Unarmed           |   111 |   143 |    98 ||   352
       Punch             |     1 |     2 |     1 ||     4
Invok: Berserk           |       |     1 |     1 ||     2
       Trog's Hand       |       |       |     1 ||     1
 Stab: Sleeping          |     1 |     1 |       ||     2
Armor: Animal skin       |    58 |    39 |    28 ||   125
       Skin              |       |       |     2 ||     2
Dodge: Dodged            |    71 |    78 |    56 ||   205
Block: Tower shield      |       |       |    11 ||    11

Table legend: (Time is in decaauts)
 A = Elapsed time spent in this place.
 B = Non-inter-level travel time spent in this place.
 C = Inter-level travel time spent in this place.
 D = Time resting spent in this place.
 E = Time spent auto-exploring this place.
 F = Levels seen in this place.
 G = Mean time per level.
                   A        B        C        D        E       F      G
               +--------+--------+--------+--------+--------+-----+--------+
         Total |   2612 |   2346 |    266 |      0 |   1564 |   5 |  522.4 |
       Dungeon |   2612 |   2346 |    266 |      0 |   1564 |   5 |  522.4 |
               +--------+--------+--------+--------+--------+-----+--------+

Top non-repeatable levels by time:
     D:4: 842 daAuts
     D:3: 659 daAuts
     D:1: 523 daAuts
     D:2: 461 daAuts
     D:5: 126 daAuts
